 Dungeon Crawl Stone Soup version 0.31-a0-182-gc5ef74bbde (webtiles) character file.

Game seed: 3433141215014792633

1872 qw the Cleaver (level 9, -7/55 HPs)
             Began as a Gargoyle Fighter on June 20, 2023.
             Was a Follower of Okawaru.
             Mangled by a wight
             ... wielding a +4 halberd
              (9 damage)
             ... on level 7 of the Dungeon.
             The game lasted 00:02:33 (5034 turns).

qw the Cleaver (Gargoyle Fighter)                   Turns: 5034, Time: 00:02:33

Health: -7/55      AC: 17    Str: 24    XL:     9   Next: 14%
Magic:  10/12      EV: 10    Int:  9    God:    Okawaru [*.....]
Gold:   187        SH:  5    Dex:  9    Spells: 8/8 levels left

rFire   . . .        Y - +0 war axe
rCold   . . .        c - +0 buckler
rNeg    + . .        f - +0 chain mail
rPois   inf          (no helmet)
rElec   +            (no cloak)
rCorr   +            (no gloves)
SInv    .            (no boots)
Will    +....        (no amulet) Stlth
                     e - ring of willpower
HPRegen 0.29/turn    g - ring of resist corrosion
MPRegen 0.13/turn

%: no passive effects
@: about to teleport, heroic
A: sickness immunity, AC +6, negative energy resistance 1, electricity
resistance, torment resistance 1, petrification resistance
a: Renounce Religion, Heroism


You were on level 7 of the Dungeon.
You worshipped Okawaru.
Okawaru was aware of your devotion.
You visited 2 branches of the dungeon, and saw 8 of its levels.

You collected 187 gold pieces.


Innate Abilities, Weirdness & Mutations

You are immune to sickness and miasma.
Your stone body is resilient. (AC +6)
You are immune to poison.
You resist negative energy. (rN+)
You are resistant to electric shocks. (rElec)
You are resistant to unholy torment.
You are immune to petrification.


   Skills:
 - Level 6.0(11.0) Fighting
 - Level 9.0(14.0) Axes
 - Level 1.0(6.0) Throwing
 - Level 3.2(8.2) Armour
 - Level 1.0(6.0) Dodging
 + Level 3.2(8.2) Shields
 - Level 4.0 Invocations


You had 8 spell levels left.
You didn't know any spells.
Your spell library was empty.

Inventory:

Hand Weapons
 a - a +2 flail
 Y - a +0 war axe (weapon)
Missiles
 l - 7 silver boomerangs (quivered)
 q - 3 boomerangs
Armour
 c - a +0 buckler (worn)
 f - a +0 chain mail (worn)
Jewellery
 e - a ring of willpower (left hand)
 g - a ring of resist corrosion (right hand)
Wands
 i - a wand of digging (5)
Scrolls
 h - 2 scrolls of identify
 o - a scroll of teleportation
Potions
 b - a potion of lignification
 d - 3 potions of might
 j - 2 potions of curing
 k - 3 potions of enlightenment
 m - a potion of cancellation
 n - a potion of haste {unknown}

Dungeon Overview and Level Annotations

Branches:
Dungeon (7/15)             Temple (1/1) D:5

Altars:
Ashenzari
Cheibriados
Dithmenos
Gozag
Hepliaklqana
Kikubaaqudgha
Nemelex Xobeh
Okawaru
Qazlal
Ru
Trog
Uskayaw
Vehumet
Wu Jian
Xom
Yredelemnul
Zin
The Shining One


Message History

You barely miss the wight.
The wight is lightly damaged.
You block the wight's attack.
The wight hits you from afar with a +4 halberd!
The bullfrog hits you.
You hit the wight but do no damage.
The wight is lightly damaged.
You barely miss the bullfrog. The bullfrog barely misses you.
The wight closely misses you. The wight hits you but does no damage.
You closely miss the wight.
The wight is lightly damaged.
You slash the bullfrog! The bullfrog barely misses you.
The wight hits you with a +3 great sword!
The wight closely misses you. You block the bullfrog's attack.
5031 ||| INVOKING Heroism.
You gain the combat prowess of a mighty hero.
The bullfrog hits you. The wight closely misses you.
You block the wight's attack.
You barely miss the bullfrog.
The bullfrog is heavily wounded.
You barely miss the wight. The bullfrog closely misses you.
The wight hits you with a +3 great sword!
The wight barely misses you.
You closely miss the bullfrog.
The bullfrog is heavily wounded.
You hit the wight but do no damage. You block the bullfrog's attack.
The wight hits you with a +3 great sword.
The wight hits you from afar with a +4 halberd.
The bullfrog hits you but does no damage.
5034 ||| READING 2 scrolls of teleportation.
As you read the scroll of teleportation, it crumbles to dust.
You feel strangely unstable.
The bullfrog hits you but does no damage.
The wight hits you with a +3 great sword!
The wight hits you from afar with a +4 halberd!
You die...

#...#.....[..
#...#...#+#+.
#.........#
#.......###
#.........#
#......##.#
#.......# #
#.....#.#
#..z@##.#
+...F# .#
#..$z. .#
.....###
#.###..
....#...# #
...
ยค.0.#...#
###!
....#...# #.
#####...#
......_..


You could see a bullfrog and 2 wights.

Vanquished Creatures
  Duvessa (D:4)
  2 sky beasts (D:7)
  2 black bears
  2 ice beasts
  2 kobold brigands (D:7)
  2 bullfrogs
  A scorpion (D:4)
  Dowan (D:4)
  6 wights
  A gnoll bouda (D:3)
  A hound (D:7)
  3 orc priests
  3 sleepcaps
  Jessica (D:2)
  2 iguanas
  Ijyb (D:3)
  5 gnolls
  5 adders
  2 shadow imps (D:5)
  2 ufetubi (D:5)
  A worm (D:3)
  14 orcs
  3 endoplasms
  3 giant cockroaches
  7 goblins
  2 hobgoblins
  7 jackals
  6 quokkas
  2 ball pythons
  6 bats
  2 frilled lizards (D:2)
  6 kobolds
  5 rats
109 creatures vanquished.

Notes
Turn   | Place    | Note
-------+----------+-------------------------------------------
     0 | D:1      | qw the Gargoyle Fighter began the quest for the Orb.
     0 | D:1      | Reached XP level 1. HP: 14/14 MP: 1/1
     0 | D:1      | 0 ||| qw: Version: 0.3-a-9-g12657ce
     0 | D:1      | 0 ||| qw: Game counter: 1265
     0 | D:1      | 0 ||| qw: Always use a shield: true
     0 | D:1      | 0 ||| qw: God list: Okawaru
     0 | D:1      | 0 ||| qw: Allow faded altars: false
     0 | D:1      | 0 ||| qw: Do Orc after D:15 true
     0 | D:1      | 0 ||| qw: Do second Lair branch before Depths: true
     0 | D:1      | 0 ||| qw: Lair rune preference: random
     0 | D:1      | 0 ||| qw: Plans: Normal, Zot:1-4, Slime:5, God:TSO, Crypt,
                  | Tomb, Abyss, Pan, Hells, Win
     0 | D:1      | 0 ||| PLANNING D:1-11
    51 | D:1      | Reached skill level 2 in Axes
   147 | D:1      | Reached XP level 2. HP: 14/19 MP: 2/2
   167 | D:1      | 167 ||| Stepping ~*~*~tactically~*~*~ (stealth).
   174 | D:1      | 174 ||| Stepping ~*~*~tactically~*~*~ (stealth).
   585 | D:1      | 585 ||| READING scroll labelled PIUTRE NUGAMN.
   586 | D:1      | 586 ||| READING 2 scrolls labelled LOUMEI YBLEQEO.
   590 | D:1      | 590 ||| READING scroll labelled XITUME PYUH.
   610 | D:2      | 610 ||| DROPPING +0 club.
   677 | D:2      | Noticed Jessica
   679 | D:2      | 679 ||| Stepping ~*~*~tactically~*~*~ (hiding).
   682 | D:2      | Killed Jessica
   683 | D:2      | Reached skill level 3 in Axes
   683 | D:2      | Reached XP level 3. HP: 23/23 MP: 3/3
   731 | D:2      | 731 ||| Stepping ~*~*~tactically~*~*~ (stealth).
   776 | D:2      | Found a faded altar of an unknown god.
   882 | D:2      | 882 ||| Stepping ~*~*~tactically~*~*~ (stealth).
   883 | D:2      | 883 ||| Stepping ~*~*~tactically~*~*~ (stealth).
   895 | D:2      | Reached skill level 1 in Throwing
  1040 | D:2      | Reached XP level 4. HP: 28/28 MP: 4/4
  1068 | D:2      | 1068 ||| Stepping ~*~*~tactically~*~*~ (stealth).
  1257 | D:2      | 1257 ||| UPGRADING to +0 chain mail.
  1267 | D:2      | 1267 ||| DROPPING +0 scale mail.
  1268 | D:2      | 1268 ||| READING scroll labelled SUYLAIMENIL.
  1269 | D:2      | 1269 ||| READING scroll labelled BIGOCL DUEBOU.
  1270 | D:2      | 1270 ||| DRINKING 2 fuming pink potions.
  1271 | D:2      | 1271 ||| DRINKING 2 metallic emerald potions.
  1598 | D:3      | Noticed Ijyb
  1606 | D:3      | Killed Ijyb
  1607 | D:3      | Reached skill level 4 in Axes
  1652 | D:3      | Reached XP level 5. HP: 32/32 MP: 5/5
  1785 | D:3      | 1785 ||| Stepping ~*~*~tactically~*~*~ (stealth).
  1844 | D:3      | 1844 ||| DROPPING ring of flight.
  1845 | D:3      | 1845 ||| READING scroll labelled PUHONWEJ OSSIF.
  1846 | D:3      | 1846 ||| READING 2 scrolls labelled ZAOVE AVEIV.
  1847 | D:3      | 1847 ||| DROPPING scroll of vulnerability.
  1869 | D:4      | 1869 ||| STAIRDANCE
  1873 | D:3      | HP: 8/32 [gnoll/+0 club[a gnoll bouda] (2)]
  1874 | D:3      | 1874 ||| READING scroll of teleportation.
  1912 | D:3      | 1912 ||| FLEEEEING.
  1914 | D:3      | 1914 ||| STAIRDANCE
  1981 | D:3      | 1981 ||| Stepping ~*~*~tactically~*~*~ (stealth).
  1982 | D:3      | 1982 ||| Stepping ~*~*~tactically~*~*~ (stealth).
  1985 | D:3      | 1985 ||| Stepping ~*~*~tactically~*~*~ (hiding).
  1986 | D:3      | 1986 ||| Stepping ~*~*~tactically~*~*~ (hiding).
  1987 | D:3      | 1987 ||| Stepping ~*~*~tactically~*~*~ (hiding).
  2005 | D:3      | Reached skill level 5 in Axes
  2078 | D:4      | Reached XP level 6. HP: 35/38 MP: 6/6
  2081 | D:4      | 2081 ||| Stepping ~*~*~tactically~*~*~ (stealth).
  2082 | D:4      | 2082 ||| Stepping ~*~*~tactically~*~*~ (stealth).
  2125 | D:4      | 2125 ||| Stepping ~*~*~tactically~*~*~ (hiding).
  2127 | D:4      | 2127 ||| Stepping ~*~*~tactically~*~*~ (hiding).
  2129 | D:4      | 2129 ||| Stepping ~*~*~tactically~*~*~ (hiding).
  2130 | D:4      | 2130 ||| Stepping ~*~*~tactically~*~*~ (hiding).
  2131 | D:4      | 2131 ||| Stepping ~*~*~tactically~*~*~ (hiding).
  2164 | D:4      | 2164 ||| FLEEEEING.
  2165 | D:4      | 2165 ||| FLEEEEING.
  2166 | D:4      | 2166 ||| FLEEEEING.
  2167 | D:4      | 2167 ||| FLEEEEING.
  2168 | D:4      | 2168 ||| FLEEEEING.
  2169 | D:4      | 2169 ||| FLEEEEING.
  2174 | D:4      | 2174 ||| Stepping ~*~*~tactically~*~*~ (hiding).
  2175 | D:4      | 2175 ||| FLEEEEING.
  2176 | D:4      | 2176 ||| Stepping ~*~*~tactically~*~*~ (hiding).
  2179 | D:4      | 2179 ||| FLEEEEING.
  2180 | D:4      | 2180 ||| FLEEEEING.
  2181 | D:4      | 2181 ||| FLEEEEING.
  2182 | D:4      | 2182 ||| FLEEEEING.
  2183 | D:4      | 2183 ||| FLEEEEING.
  2184 | D:4      | 2184 ||| FLEEEEING.
  2185 | D:4      | 2185 ||| FLEEEEING.
  2186 | D:4      | 2186 ||| FLEEEEING.
  2187 | D:4      | 2187 ||| STAIRDANCE
  2241 | D:3      | 2241 ||| UPGRADING to ring of willpower.
  2242 | D:3      | 2242 ||| UPGRADING to ring of resist corrosion.
  2292 | D:4      | 2292 ||| Stepping ~*~*~tactically~*~*~ (stealth).
  2293 | D:4      | 2293 ||| Stepping ~*~*~tactically~*~*~ (stealth).
  2294 | D:4      | 2294 ||| Stepping ~*~*~tactically~*~*~ (stealth).
  2353 | D:4      | Noticed Dowan
  2354 | D:4      | Noticed Duvessa
  2361 | D:4      | Killed Duvessa
  2370 | D:4      | HP: 9/38 [Dowan/+0 dagger (4)]
  2380 | D:4      | HP: 8/38 [Dowan/+0 dagger (4)]
  2382 | D:4      | Killed Dowan
  2383 | D:4      | Reached skill level 6 in Axes
  2383 | D:4      | Reached XP level 7. HP: 8/43 MP: 7/7
  2398 | D:4      | 2398 ||| FLEEEEING.
  2399 | D:4      | 2399 ||| FLEEEEING.
  2400 | D:4      | 2400 ||| FLEEEEING.
  2401 | D:4      | 2401 ||| FLEEEEING.
  2402 | D:4      | 2402 ||| FLEEEEING.
  2403 | D:4      | 2403 ||| FLEEEEING.
  2416 | D:4      | 2416 ||| FLEEEEING.
  2417 | D:4      | 2417 ||| FLEEEEING.
  2418 | D:4      | 2418 ||| FLEEEEING.
  2419 | D:4      | 2419 ||| FLEEEEING.
  2420 | D:4      | 2420 ||| FLEEEEING.
  2421 | D:4      | 2421 ||| FLEEEEING.
  2422 | D:4      | 2422 ||| FLEEEEING.
  2423 | D:4      | 2423 ||| STAIRDANCE
  2752 | D:4      | 2752 ||| READING 2 scrolls of identify.
  2752 | D:4      | 2752 ||| IDENTIFYING fuming dark potion
  2771 | D:5      | Entered Level 5 of the Dungeon
  2780 | D:5      | Reached skill level 1 in Dodging
  2893 | D:5      | 2893 ||| Stepping ~*~*~tactically~*~*~ (hiding).
  2894 | D:5      | 2894 ||| Stepping ~*~*~tactically~*~*~ (hiding).
  2895 | D:5      | 2895 ||| Stepping ~*~*~tactically~*~*~ (hiding).
  3104 | D:5      | Found a staircase to the Ecumenical Temple.
  3105 | D:5      | 3105 ||| PLANNING TEMPLE
  3105 | D:5      | 3105 ||| READING 2 scrolls of identify.
  3105 | D:5      | 3105 ||| IDENTIFYING fizzy inky potion
  3113 | Temple   | Entered the Ecumenical Temple
  3176 | Temple   | 3176 ||| PLANNING OKAWARU WORSHIP
  3411 | Temple   | Became a worshipper of Warmaster Okawaru
  3412 | Temple   | 3412 ||| PLANNING D:1-11
  3517 | D:5      | 3517 ||| Stepping ~*~*~tactically~*~*~ (stealth).
  3518 | D:5      | 3518 ||| Stepping ~*~*~tactically~*~*~ (stealth).
  3595 | D:5      | 3595 ||| DROPPING +0 whip.
  3631 | D:5      | HP: 5/43 [wight/+3 hand axe (11)]
  3632 | D:5      | 3632 ||| READING 2 scrolls of teleportation.
  3793 | D:5      | Reached skill level 7 in Axes
  3793 | D:5      | 3793 ||| FLEEEEING.
  3794 | D:5      | 3794 ||| FLEEEEING.
  3795 | D:5      | 3795 ||| FLEEEEING.
  3797 | D:5      | 3797 ||| FLEEEEING.
  3798 | D:5      | 3798 ||| STAIRDANCE
  3872 | D:5      | 3872 ||| STAIRDANCE
  3942 | D:5      | 3942 ||| DROPPING +0 flail.
  4031 | D:5      | Reached * piety under Okawaru
  4032 | D:5      | Reached XP level 8. HP: 42/50 MP: 8/8
  4104 | D:5      | 4104 ||| Stepping ~*~*~tactically~*~*~ (hiding).
  4105 | D:5      | 4105 ||| Stepping ~*~*~tactically~*~*~ (hiding).
  4392 | D:5      | Reached skill level 1 in Invocations
  4475 | D:5      | 4475 ||| DROPPING +4 scale mail.
  4476 | D:5      | 4476 ||| READING scroll labelled RUNOLY BYVA.
  4477 | D:5      | 4477 ||| READING 2 scrolls of identify.
  4477 | D:5      | 4477 ||| IDENTIFYING metallic amethyst potion
  4478 | D:5      | 4478 ||| DROPPING potion of ambrosia.
  4514 | D:6      | 4514 ||| STAIRDANCE
  4518 | D:5      | 4518 ||| INVOKING Heroism.
  4610 | D:6      | 4610 ||| Stepping ~*~*~tactically~*~*~ (stealth).
  4614 | D:6      | 4614 ||| INVOKING Heroism.
  4616 | D:6      | 4616 ||| Stepping ~*~*~tactically~*~*~ (stealth).
  4617 | D:6      | 4617 ||| Stepping ~*~*~tactically~*~*~ (stealth).
  4622 | D:6      | Reached skill level 3 in Invocations
  4642 | D:6      | You fall into a shaft and drop 1 floor!
  4642 | D:7      | Found a sparkling altar of Nemelex Xobeh.
  4692 | D:7      | Reached skill level 8 in Axes
  4692 | D:7      | Reached ** piety under Okawaru
  4693 | D:7      | Reached skill level 6 in Fighting
  4737 | D:7      | 4737 ||| Stepping ~*~*~tactically~*~*~ (hiding).
  4739 | D:7      | 4739 ||| INVOKING Heroism.
  4769 | D:7      | Reached XP level 9. HP: 18/55 MP: 12/12
  4770 | D:7      | HP: 9/55 [wight/+2 dagger (6)]
  4771 | D:7      | 4771 ||| READING 3 scrolls of teleportation.
  4773 | D:7      | 4773 ||| INVOKING Heroism.
  4940 | D:7      | 4940 ||| READING scroll labelled RISIYTWIESI.
  4941 | D:7      | 4941 ||| Stepping randomly (stuck).
  4942 | D:7      | 4942 ||| Stepping randomly (stuck).
  4943 | D:7      | 4943 ||| Stepping randomly (stuck).
  4944 | D:7      | 4944 ||| Stepping randomly (stuck).
  4945 | D:7      | 4945 ||| Stepping randomly (stuck).
  4946 | D:7      | 4946 ||| Stepping randomly (stuck).
  4947 | D:7      | 4947 ||| Stepping randomly (stuck).
  4948 | D:7      | 4948 ||| Stepping randomly (stuck).
  4949 | D:7      | 4949 ||| Stepping randomly (stuck).
  4950 | D:7      | 4950 ||| Stepping randomly (stuck).
  4951 | D:7      | 4951 ||| Stepping randomly (stuck).
  4952 | D:7      | 4952 ||| Stepping randomly (stuck).
  4953 | D:7      | 4953 ||| Stepping randomly (stuck).
  4954 | D:7      | 4954 ||| Stepping randomly (stuck).
  4955 | D:7      | 4955 ||| Stepping randomly (stuck).
  4956 | D:7      | 4956 ||| Stepping randomly (stuck).
  4957 | D:7      | 4957 ||| Stepping randomly (stuck).
  4958 | D:7      | 4958 ||| Stepping randomly (stuck).
  4959 | D:7      | 4959 ||| Stepping randomly (stuck).
  4960 | D:7      | 4960 ||| Stepping randomly (stuck).
  5005 | D:7      | 5005 ||| Stepping ~*~*~tactically~*~*~ (stealth).
  5012 | D:7      | Reached skill level 9 in Axes
  5031 | D:7      | 5031 ||| INVOKING Heroism.
  5033 | D:7      | HP: 11/55 [wight/+3 great sword (6)]
  5034 | D:7      | 5034 ||| READING 2 scrolls of teleportation.
  5034 | D:7      | HP: 2/55 [wight/+3 great sword (7)]
  5034 | D:7      | Mangled by a wight

Levels and vault maps discovered:
D:1:      dpeg_arrival_houses_and_road, layout_basic, chequers_garden,
          minivault_23, supply_closet_lemuel
D:2:      layout_loops_ring, ebering_ecumenical_altar_sacrificial, uniq_jessica
D:3:      layout_basic, uniq_ijyb
D:4:      layout_rooms, uniq_duvessa
D:5:      layout_loops_corners, minmay_temple_entry_trees
D:6:      layout_rooms, gammafunk_ghost_arena, minmay_misc_feat_plants,
          uniq_sigmund
D:7:      layout_basic, nemelex_altar_shiori, minivault_25, st_stairs_3,
          hangedman_decor_slide_cut, uniq_joseph
Temple:   minmay_temple_bridge_d

Skill      XL: |  1  2  3  4  5  6  7  8  9 |
---------------+----------------------------+-----
Axes           | 2 3 4 5 6 7 8 9 |  9.0
Throwing       | 1 |  1.0
Fighting       | 4 5 6 |  6.0
Dodging        | 1 |  1.0
Invocations    | 4 |  4.0
Armour         | |  3.2
Shields        | |  3.2

Action                     |  1- 3 |  4- 6 |  7- 9 || total
---------------------------+-------+-------+-------++-------
  Melee: War axe           |    48 |    90 |   182 ||   320
  Throw: Javelin           |    20 |     5 |       ||    25
         Boomerang         |     6 |    34 |    57 ||    97
 Invoke: Heroism           |       |       |     5 ||     5
    Use: Scroll            |     3 |     5 |     8 ||    16
         Potion            |       |     2 |       ||     2
 Armour: Scale mail        |    35 |       |       ||    35
         Chain mail        |       |    54 |   105 ||   159
  Dodge: Dodged            |    31 |    31 |    91 ||   153
  Block: Buckler           |     9 |    18 |    41 ||    68

Table legend:
 A = Non-vault XP
 B = Vault XP
 C = Vault XP percentage of total XP
 D = Non-vault monster count
 E = Vault monster count
 F = Vault count percentage of total count
                 A         B        C        D         E       F
            +---------+---------+-------+---------+---------+-------
      Total |    2260 |     415 |  15.5 |     104 |       5 |   4.6
            +---------+---------+-------+---------+---------+-------
        D:1 |      20 |       0 |   0.0 |      14 |       0 |   0.0
        D:2 |      30 |      37 |  55.2 |      11 |       1 |   8.3
        D:3 |     124 |      35 |  22.0 |      14 |       1 |   6.7
        D:4 |     321 |     214 |  40.0 |      19 |       2 |   9.5
        D:5 |     668 |       0 |   0.0 |      27 |       0 |   0.0
        D:6 |     372 |       0 |   0.0 |       5 |       0 |   0.0
        D:7 |     725 |     129 |  15.1 |      14 |       1 |   6.7
            +---------+---------+-------+---------+---------+-------
